 Dungeon Crawl Stone Soup version 0.28.0-43-g3370ac3207 (webtiles) character file.

Game seed: 6395915777228018252

2654 jimonade the Spear-Bearer (level 9, -2/74 HPs)
             Began as a Gnoll Cinder Acolyte on Mar 12, 2022.
             Was a High Priest of Ignis.
             Slain by a yak (10 damage)
             ... on level 8 of the Dungeon.
             The game lasted 00:36:04 (8446 turns).

jimonade the Spear-Bearer (Gnoll Cinder Acolyte)    Turns: 8446, Time: 00:36:05

Health: -2/74      AC: 16    Str: 17    XL:     9   Next: 62%
Magic:  8/16       EV: 11    Int: 18    God:    Ignis [*****.]
Gold:   368        SH:  0    Dex:  7    Spells: 16/18 levels left

rFire   + + .      SeeInvis .   F - +4 halberd
rCold   . . .      Faith    .   (shield currently unavailable)
rNeg    . . .      Spirit   .   h - +2 ring mail {rC+}
rPois   +          Reflect  .   r - +1 helmet {Int+3}
rElec   .          Harm     .   d - +2 cloak
rCorr   .          Rampage  .   (no gloves)
Will    .....                   u - +2 pair of boots
Stlth   ++........              w - amulet of magic regeneration
HPRegen 0.22/turn               O - ring of poison resistance
MPRegen 0.55/turn               M - ring of fire

@: about to teleport, weak-willed
A: fangs 1, strong nose, distributed training
a: Renounce Religion, Fiery Armour, Foxfire Swarm, Rising Flame


You were on level 8 of the Dungeon.
You worshipped Ignis.
Ignis was extremely pleased with you.
You visited 1 branch of the dungeon, and saw 8 of its levels.

You collected 368 gold pieces.

Inventory:

Hand Weapons
 a - a -1 spear of flaming
 q - a +1 dagger of protection
 t - a +0 war axe of draining
 A - a +0 halberd
 F - a +4 halberd (weapon)
 S - a +0 short sword of venom
 V - a +0 bardiche
 X - a +0 shortbow
Missiles
 k - 189 stones
 v - 122 arrows
 y - 7 boomerangs
 B - 14 poisoned darts
 U - 20 sling bullets
Armour
 b - a +0 robe
 d - a +2 cloak (worn)
 h - a +2 ring mail of cold resistance (worn)
 m - a +0 ring mail
 r - a +1 helmet of intelligence (worn)
 u - a +2 pair of boots (worn)
 x - a +0 leather armour
 D - a +0 pair of boots
Magical Staves
 g - a staff of air
Jewellery
 w - an amulet of magic regeneration (around neck)
 E - a ring of flight
 M - a ring of fire (right hand)
 O - a ring of poison resistance (left hand)
 Y - a ring of wizardry
Wands
 H - a wand of iceblast (10)
 L - a wand of acid (8)
 Q - a wand of flame (30)
Scrolls
 f - 3 scrolls of enchant armour
 i - 4 scrolls of identify
 z - a scroll of vulnerability
 K - a scroll of teleportation
 T - a scroll of brand weapon {unknown}
Potions
 e - 2 potions of degeneration {unknown}
 l - a potion of curing {unknown}
 n - a potion of invisibility {unknown}
 p - 4 potions of attraction {unknown}
 G - a potion of berserk rage {unknown}
 I - 2 potions of lignification {unknown}
 P - 3 potions of brilliance {unknown}
 R - a potion of mutation {unknown}
 W - a potion of flight {unknown}
 Z - a potion of ambrosia {unknown}


   Skills:
 + Level 8.0 Fighting
 + Level 4.4 Short Blades
 + Level 4.4 Long Blades
 + Level 4.4 Axes
 + Level 4.4 Maces & Flails
 + Level 8.0 Polearms
 + Level 4.4 Staves
 + Level 4.4 Slings
 + Level 4.4 Bows
 + Level 4.4 Crossbows
 + Level 4.4 Throwing
 + Level 4.4 Armour
 + Level 4.4 Dodging
 + Level 4.4 Stealth
 + Level 4.4 Shields
 + Level 4.4 Unarmed Combat
 + Level 5.3 Spellcasting
 + Level 3.6 Conjurations
 + Level 3.6 Hexes
 + Level 3.6 Summonings
 + Level 3.6 Necromancy
 + Level 3.6 Translocations
 + Level 3.6 Transmutations
 + Level 6.6 Fire Magic
 + Level 3.6 Ice Magic
 + Level 3.6 Air Magic
 + Level 3.6 Earth Magic
 + Level 3.6 Poison Magic
 + Level 4.9 Invocations
 + Level 4.4 Evocations


You had 16 spell levels left.
You knew the following spells:

 Your Spells              Type           Power      Damage    Failure   Level
a - Scorch                Fire           86%        2d9       2%          2

Your spell library contained the following spells:

 Spells                   Type           Power      Damage    Failure   Level
 Apportation              Tloc           34%        N/A       4%          1
 Corpse Rot               Necr/Air       34%        N/A       8%          2
 Static Discharge         Conj/Air       17%        N/A       8%          2
 Ignite Poison            Fire/Tmut/Pois 32%        N/A       10%         3
 Portal Projectile        Hex/Tloc       34%        N/A       16%         3
 Dispel Undead            Necr           17%        3d10      45%         4
 Hailstorm                Conj/Ice       17%        3d6       45%         4
 Ice Form                 Ice/Tmut       17%        N/A       45%         4
 Olgreb's Toxic Radiance  Pois           17%        N/A       45%         4
 Passage of Golubria      Tloc           17%        N/A       45%         4
 Alistair's Intoxication  Tmut/Pois      11%        N/A       80%         5
 Blade Hands              Tmut           8%         N/A       80%         5
 Excruciating Wounds      Necr           8%         N/A       80%         5
 Lightning Bolt           Conj/Air       8%         1d21      80%         5
 Silence                  Hex/Air        8%         N/A       80%         5
 Death Channel            Necr           8%         N/A       100%        6
 Simulacrum               Ice/Necr       8%         N/A       100%        6
 Lehudib's Crystal Spear  Conj/Erth      8%         10d4      100%        8
 Maxwell's Capacitive Co  Air            8%         ∞         100%        8


Dungeon Overview and Level Annotations

Branches:
Dungeon (8/15)             Temple (0/1) D:5
   Lair: D:8-11

Altars:
Hepliaklqana
Zin

Annotations:
D:8 Grum


Innate Abilities, Weirdness & Mutations

You have very sharp teeth.
Your uncanny sense of smell can sniff out nearby items.
Your experience applies equally to all skills.


Message History

Grum is no longer more vulnerable to fire.
The wolf closely misses you. The wolf bites you but does no damage.
Grum hits you from afar with a -1 spear of freezing!
* * * LOW HITPOINT WARNING * * *
Grum freezes you.
* * * LOW HITPOINT WARNING * * *
As you read the scroll labelled SOTWAOZ YHOAH, it crumbles to dust.
You assume a fearsome visage.
Grum looks frightened!
The wolf looks frightened! x2
The orc priest looks frightened!
The yak looks frightened!
It was a scroll of fear.
Unknown command.
Grum looks desperately for an escape route.
The yak barely misses you.
The yak is no longer more vulnerable to fire.
The yak closely misses you. The yak gores you but does no damage.
The wolf bites you.
* * * LOW HITPOINT WARNING * * *
The wolf bites you.
* * * LOW HITPOINT WARNING * * *
The yak gores you but does no damage. The wolf bites you.
* * * LOW HITPOINT WARNING * * *
The yak is no longer more vulnerable to fire.
The wolf barely misses you.
As you read the scroll labelled XILLER EFUOQO, it crumbles to dust.
You hear a loud clanging noise!
It was a scroll of noise.
You hear a shout! x3
The wolf barely misses you. x2
As you read the scroll labelled ONLETONEATO, it crumbles to dust.
It is a scroll of amnesia.
Really abort (and waste the scroll)?
Uppercase [Y]es or [N]o only, please.
Really abort (and waste the scroll)?
Okay, then.
The wolf bites you but does no damage.
As you read the scroll labelled WEOSATOSCHIT, it crumbles to dust.
You feel strangely unstable.
It was a scroll of teleportation.
The yak is no longer more vulnerable to fire.
The wolf closely misses you. The yak gores you!
You die...

..##...###.....###...............
..#...## ####..#.................
.....Y.####...........#..........
.........#............#.......##.
.....h............###.....#.#..#.
...#...h.##......####....####.##.
....#.......#..### #...###.#...#.
....#g##.####..#####...........#.
#...###..## #.Yh@........#.#.....
##..#.....####.Y#........#.#....#
##..............##.......# ###.##
.>..............##.......# #..##
......####......##......#####..#.
#.#..####..............## #......
###### #...............## ##.....
##....[..#.......# #..###
##.##.........### ####


You could see 2 yaks and a wolf.

Vanquished Creatures
  A yak (D:8)
  Menkaure (D:5)
  3 water moccasins
  2 sky beasts
  2 black bears
  An ice beast (D:6)
  An ogre (D:5)
  A centaur (D:7)
  A phantom (D:4)
  A bullfrog (D:6)
  A kobold brigand (D:6)
  2 wyvern zombies
  4 scorpions
  2 water moccasin skeletons
  2 howler monkeys (D:8)
  2 orc priests
  A bullfrog skeleton (D:5)
  2 gnoll shamans
  3 hounds
  A jelly (D:7)
  A centaur skeleton (D:5)
  4 iguanas
  Terence (D:3)
  An orc wizard (D:6)
  11 gnolls
  A river rat (D:4)
  6 adders
  2 white imps
  An adder skeleton (D:4)
  6 worms
  3 dart slugs
  8 orcs
  An endoplasm (D:1)
  A giant cockroach (D:2)
  4 hobgoblins
  2 jackals (D:1)
  7 kobolds
  2 quokkas
  4 ball pythons
  4 bats
  4 frilled lizards
  6 goblins
  6 rats
  A spectral goblin (D:6)
121 creatures vanquished.

Notes
Turn   | Place    | Note
-------+----------+-------------------------------------------
     0 | D:1      | jimonade the Gnoll Cinder Acolyte began the quest for the
                  | Orb.
     0 | D:1      | Reached XP level 1. HP: 23/23 MP: 4/4
   320 | D:1      | Reached XP level 2. HP: 28/29 MP: 5/5
   326 | D:1      | Learned a level 2 spell: Scorch
  1144 | D:2      | Reached XP level 3. HP: 35/35 MP: 1/7
  1768 | D:3      | Reached skill level 1 in Invocations
  1887 | D:3      | Reached skill level 1 in Short Blades
  1887 | D:3      | Reached skill level 1 in Long Blades
  1887 | D:3      | Reached skill level 1 in Axes
  1887 | D:3      | Reached skill level 1 in Maces & Flails
  1887 | D:3      | Reached skill level 1 in Staves
  1887 | D:3      | Reached skill level 1 in Slings
  1887 | D:3      | Reached skill level 1 in Bows
  1887 | D:3      | Reached skill level 1 in Crossbows
  1887 | D:3      | Reached skill level 1 in Throwing
  1887 | D:3      | Reached skill level 1 in Armour
  1887 | D:3      | Reached skill level 1 in Dodging
  1887 | D:3      | Reached skill level 1 in Stealth
  1887 | D:3      | Reached skill level 1 in Shields
  1887 | D:3      | Reached skill level 1 in Unarmed Combat
  1887 | D:3      | Reached skill level 1 in Evocations
  1889 | D:3      | Reached XP level 4. HP: 38/41 MP: 4/8
  2129 | D:3      | Noticed Terence
  2139 | D:3      | Killed Terence
  2140 | D:3      | Reached skill level 1 in Conjurations
  2140 | D:3      | Reached skill level 1 in Hexes
  2140 | D:3      | Reached skill level 1 in Summonings
  2140 | D:3      | Reached skill level 1 in Necromancy
  2140 | D:3      | Reached skill level 1 in Translocations
  2140 | D:3      | Reached skill level 1 in Transmutations
  2140 | D:3      | Reached skill level 1 in Ice Magic
  2140 | D:3      | Reached skill level 1 in Air Magic
  2140 | D:3      | Reached skill level 1 in Earth Magic
  2140 | D:3      | Reached skill level 1 in Poison Magic
  2735 | D:4      | Reached XP level 5. HP: 37/47 MP: 4/9
  3170 | D:4      | Noticed a phantom
  3185 | D:4      | Killed a phantom
  3186 | D:4      | Reached XP level 6. HP: 53/53 MP: 3/11
  3404 | D:4      | Noticed a black bear
  4311 | D:4      | Killed a black bear
  4312 | D:4      | Reached XP level 7. HP: 60/60 MP: 6/12
  4361 | D:5      | Entered Level 5 of the Dungeon
  4602 | D:5      | Reached XP level 8. HP: 22/67 MP: 7/14
  5407 | D:5      | Found a staircase to the Ecumenical Temple.
  5742 | D:5      | Noticed Menkaure
  5744 | D:5      | Killed Menkaure
  6147 | D:6      | Found a glowing silver altar of Zin.
  6369 | D:6      | Reached XP level 9. HP: 72/72 MP: 16/16
  6757 | D:6      | Found a hazy altar of Hepliaklqana.
  7199 | D:7      | Reached skill level 5 in Spellcasting
  7212 | D:7      | Got the Guide on the Poisonous Snowflakes
  7262 | D:7      | Found a flagged portal.
  8387 | D:8      | Noticed Grum
  8446 | D:8      | Slain by a yak

Illustrated notes

Levels and vault maps discovered:
D:1:      dpeg_arrival_another_circle, layout_basic, minmay_strange_pillars,
          chequers_serial_rivers_large_a
D:2:      layout_rooms, minmay_tree_intersection, amcnicky_mini_pool_small
D:3:      layout_basic, uniq_terence
D:4:      layout_gridville, lightli_sewer_entry_pipes
D:5:      layout_basic, minmay_temple_entry_mist, uniq_menkaure
D:6:      layout_gridville, nicolae_hepliaklqana_monster_ancestors,
          nicolae_overflow_crystal_walls
D:7:      layout_loops_cross, enter_bailey_6, hangedman_abyss_or_decor_passed,
          dk_vineyard_2
D:8:      layout_cave_pools, uniq_grum

Skill      XL: |  1  2  3  4  5  6  7  8  9 |
---------------+----------------------------+-----
Invocations    | 1 2 3 4 |  4.9
Short Blades   | 1 2 3 4 |  4.4
Long Blades    | 1 2 3 4 |  4.4
Axes           | 1 2 3 4 |  4.4
Maces & Flails | 1 2 3 4 |  4.4
Staves         | 1 2 3 4 |  4.4
Slings         | 1 2 3 4 |  4.4
Bows           | 1 2 3 4 |  4.4
Crossbows      | 1 2 3 4 |  4.4
Throwing       | 1 2 3 4 |  4.4
Armour         | 1 2 3 4 |  4.4
Dodging        | 1 2 3 4 |  4.4
Stealth        | 1 2 3 4 |  4.4
Shields        | 1 2 3 4 |  4.4
Unarmed Combat | 1 2 3 4 |  4.4
Evocations     | 1 2 3 4 |  4.4
Spellcasting   | 3 4 5 |  5.3
Conjurations   | 1 2 3 |  3.6
Hexes          | 1 2 3 |  3.6
Summonings     | 1 2 3 |  3.6
Necromancy     | 1 2 3 |  3.6
Translocations | 1 2 3 |  3.6
Transmutations | 1 2 3 |  3.6
Ice Magic      | 1 2 3 |  3.6
Air Magic      | 1 2 3 |  3.6
Earth Magic    | 1 2 3 |  3.6
Poison Magic   | 1 2 3 |  3.6
Fighting       | 7 8 |  8.0
Polearms       | 7 8 |  8.0
Fire Magic     | 6 |  6.6

Action                   |  1- 3 |  4- 6 |  7- 9 || total
-------------------------+-------+-------+-------++-------
Melee: Spear             |    52 |    63 |    10 ||   125
       Bite              |     8 |     5 |     2 ||    15
       Punch             |       |     1 |       ||     1
       Halberd           |       |       |    40 ||    40
 Cast: Scorch            |    22 |    46 |   127 ||   195
  Use: Scroll            |       |     3 |     6 ||     9
       Potion            |       |       |     3 ||     3
 Stab: Distracted        |       |       |     1 ||     1
Armor: Robe              |     6 |       |       ||     6
       Ring mail         |     6 |    24 |    75 ||   105
Dodge: Dodged            |    22 |    23 |   100 ||   145
